 Dungeon Crawl Stone Soup version 0.24.1-8-ga250c9d538 (webtiles) character file.

Game seed: 17387126306072544682, levelgen mode: deterministic

167 Peloso the Shield-Bearer (level 5, 33/33 HPs)
             Began as a Gargoyle Fighter on Apr 29, 2020.
             Got out of the dungeon alive.
             The game lasted 00:06:43 (2907 turns).

Peloso the Shield-Bearer (Gargoyle Fighter)         Turns: 2907, Time: 00:06:44

Health: 33/33      AC: 13    Str: 17 (19) XL:     5   Next: 48%
Magic:  5/5        EV:  5    Int:  8 (9)  God:
Gold:   105        SH:  9    Dex:  9 (10) Spells: 4/4 levels left

rFire    . . .     SeeInvis .   a - +0 long sword
rCold    + . .     Gourm    .   c - +0 shield
rNeg     + . .     Faith    .   m - +0 chain mail
rPois    ∞         Spirit   .   (no helmet)
rElec    +         Reflect  .   (no cloak)
rCorr    .         Harm     .   (no gloves)
MR       .....                  (no boots)
Stlth    ..........             (no amulet)
HPRegen  0.11/turn              k - ring of protection from cold
MPRegen  0.09/turn              (no ring)

@: no status effects
A: negative energy resistance 1, electricity resistance, unbreathing,
petrification resistance, rot immunity, AC +4
a: no special abilities


You escaped.
You were very hungry.

You visited 1 branch of the dungeon, and saw 4 of its levels.

You collected 105 gold pieces.

Inventory:

Hand Weapons
 a - a +0 long sword (weapon)
Armour
 b - a +0 scale mail
 c - a +0 shield (worn)
 m - a +0 chain mail (worn)
Jewellery
 k - a ring of protection from cold (left hand)
 q - a cursed ring of attention {unknown}
Scrolls
 e - 3 scrolls of identify {unknown}
 g - 3 scrolls of remove curse {unknown}
 h - a scroll of enchant armour {unknown}
 j - a scroll of immolation {unknown}
 n - 2 scrolls of fear {unknown}
 o - a scroll of amnesia {unknown}
 p - a scroll of blinking {unknown}
 r - a scroll of enchant weapon {unknown}
 w - a scroll of random uselessness {unknown}
Potions
 d - a potion of might
 i - a potion of agility {unknown}
 l - 3 potions of berserk rage {unknown}
 s - a potion of resistance {unknown}
 t - a potion of curing {unknown}
 u - a potion of flight {unknown}
Comestibles
 f - 4 rations


   Skills:
 + Level 3.7 Fighting
 + Level 3.1 Long Blades
 + Level 3.9 Armour
 + Level 1.3 Dodging
 + Level 4.5 Shields


You had 4 spell levels left.
You didn't know any spells.
Your spell library was empty.

Dungeon Overview and Level Annotations

Branches:
Dungeon (4/15)
 Temple: D:4-7

Altars:
Ashenzari
Cheibriados
Hepliaklqana
Qazlal
Xom


Innate Abilities, Weirdness & Mutations

You are resistant to torment.
Your stone body is resilient. (AC +4)
You are immune to poison.
You resist negative energy. (rN+)
You are resistant to electric shocks. (rElec)
You can survive without breathing.
You are immune to petrification.
You are immune to rotting.


Message History

It was a potion of degeneration.
There was something very wrong with that liquid.
You feel weakened.
You feel dopey.
You feel clumsy.
(D) Dungeon
Where to? (Enter - D:4, ? - help)
What level of the Dungeon? (default 1, ? - help)
There is a stone staircase leading up here.
You climb upwards.
There is a stone staircase leading down here.
There is a stone staircase leading up here.
You climb upwards.
There is a stone staircase leading down here.
There is an open door here.
There is a stone staircase leading up here.
You climb upwards.
There is a stone staircase leading down here.
There is an open door here.
There is a staircase leading out of the dungeon here.
Are you sure you want to leave the Dungeon?
This will make you lose the game!
You have escaped!

#....#.#.#..............#...##
#......#.#.#............#...##
#....#...#.#####'######.'...++
#..)...####)###.## ###...##
#..†.....###.#.## #######...##
#...###.## ##.## ##..##.......
#......#.###.#.###.#..'.......
#..###.##.#.#.#.#.##.##.......
#....#.###.#.@.#.###.##.......
#.##.#.##.#.#.#.#.##.#########
#....#.#.###.#.###.#.# #
######..## ##.## ##..#
#.[....## ##.#.###...#
#......# ##.###.##.###
#......# #.#####.#.#######
#......# #.#.....#.......#
######.# #...###.#.......####


There were no monsters in sight!

Vanquished Creatures
  3 gnolls (D:3)
  3 adders
  An ooze (D:3)
  6 worms (D:3)
  2 leopard geckos
  10 orcs
  5 bats
  5 giant cockroaches
  9 goblins
  10 hobgoblins
  4 jackals (D:3)
  4 kobolds
  A ball python (D:1)
  9 frilled lizards
  6 rats
78 creatures vanquished.

Notes
Turn   | Place    | Note
-------+----------+-------------------------------------------
     0 | D:1      | Peloso the Gargoyle Fighter began the quest for the Orb.
     0 | D:1      | Reached XP level 1. HP: 14/14 MP: 1/1
    75 | D:1      | Reached XP level 2. HP: 19/19 MP: 2/2
   512 | D:1      | Reached XP level 3. HP: 23/23 MP: 3/3
   982 | D:2      | Reached skill level 4 in Shields
  1130 | D:2      | Found a shattered altar of Ashenzari.
  1156 | D:2      | Reached skill level 1 in Dodging
  1156 | D:2      | Reached XP level 4. HP: 28/28 MP: 4/4
  1458 | D:3      | Found a shimmering altar of Xom.
  1847 | D:3      | Reached XP level 5. HP: 10/33 MP: 5/5
  2319 | D:3      | Found a shimmering altar of Xom.
  2362 | D:3      | Found a stormy altar of Qazlal.
  2362 | D:3      | Found a shimmering altar of Xom.
  2364 | D:3      | Found a shimmering altar of Xom.
  2364 | D:3      | Found a snail-covered altar of Cheibriados.
  2364 | D:3      | Found a hazy altar of Hepliaklqana.
  2907 | D:$      | Got out of the dungeon alive.

Levels and vault maps discovered:
D:1:      minmay_arrival_diagonal_passages, layout_basic, minmay_split_cup_large
D:2:      layout_basic, skrybe_limestone_x, lemuel_tele_altar
D:3:      layout_loops_ring, nicolae_overflow_hidden_temple,
          cheibrodos_sewer_entry_bend, doesnt_xom_only_xom
D:4:      cheibrodos_helix_gallery, layout_rooms

Skill      XL: |  1  2  3  4  5 |
---------------+----------------+-----
Long Blades    | 2 3 |  3.1
Shields        | 4 |  4.5
Dodging        | 1 |  1.3
Fighting       | |  3.7
Armour         | |  3.9

Action                   |  1- 3 |  4- 6 || total
-------------------------+-------+-------++-------
Melee: Long sword        |   166 |   196 ||   362
  Use: Potion            |       |     1 ||     1
  Eat: Chunk             |     1 |     5 ||     6
Armor: Scale mail        |    71 |       ||    71
       Chain mail        |    30 |   101 ||   131
Dodge: Dodged            |    65 |    31 ||    96
Block: Shield            |   116 |    77 ||   193
       Rpst.: Long sword |    22 |    10 ||    32
